cohdb
Replays
Latest Replays
All Replays
Popular Replays
Top Player Replays
Match Explorer
How It Works
Community
CoH3 Stats
Reddit
Sign in to upload your games and track your stats! →
Sign in with Steam
Match 46644098
Unlisted
Match 46644098
Overview
Messages
Build Orders
End
Kradschützen Motorcycle Team
Selects Battlefield Espionage Battlegroup
Selects Sector Subterfuge Beacon
Panzergrenadier Squad
Panzergrenadier Squad
Panzergrenadier Squad
Construct Light Support Kompanie
2.5-tonne Medical Truck
Panzerjäger Mechanized Group
Construct Mechanized Kompanie
Combat Half-tracks
8 Rad Armored Car
Selects Plunder
Selects 250/3 Funkpanzerwagen
Marder III Tank Destroyer
Assault Mechanized Group
Vehicle Survival Package
Dark Lord Cthulhu
m31k0r
0
0
Comments
sign in to comment!
No comments posted yet!